TOP OF THE 1ST |
Boston Red Sox batting - Pitching for Caifornia Angels : RHP Franz Holzknecht
|
Pitching: RHP Franz Holzknecht
|
|
Batting: LHB Xavier Pittman
|
0-0: Ball 1-0: Called Strike 1-1: Called Strike 1-2: Ground out U3 (Groundball, 34S, EV 85.0 MPH)
|
Batting: LHB Kevin McCormic Jr.
|
0-0: Ball 1-0: SINGLE (Line Drive, 56D, EV 101.9 MPH)
|
Batting: SHB Rich Chavez
|
0-0: Ball 1-0: Called Strike 1-1: Ball 2-1: Grounds into double play, 3-6-1 (Groundball, 3, EV 81.9 MPH)
|
Top of the 1st over - 0 runs, 1 hit, 0 errors, 0 left on base; Boston 0 - Caifornia 0 |
BOTTOM OF THE 1ST |
Caifornia Angels batting - Pitching for Boston Red Sox : RHP Fred Huber
|
Pitching: RHP Fred Huber
|
|
Batting: SHB Aldo Questi
|
0-0: Ball 1-0: Ball 2-0: Fly out, F8 (Flyball, 8RS, EV 88.8 MPH)
|
Batting: RHB Dietmar Warmisch
|
0-0: Fly out, F8 (Flyball, 89D, EV 87.5 MPH)
|
Batting: LHB Micah Miller
|
0-0: Called Strike 0-1: Ball 1-1: SINGLE (Groundball, 56, EV 96.9 MPH)
|
Batting: RHB Alain Delhaye
|
0-0: Foul Ball, location: 2F 0-1: Ball Wild Pitch! Micah Miller to second 1-1: Fly out, F6 (Line Drive, 6, EV 71.2 MPH)
|
Bottom of the 1st over - 0 runs, 1 hit, 0 errors, 1 left on base; Boston 0 - Caifornia 0 |
TOP OF THE 2ND |
Boston Red Sox batting - Pitching for Caifornia Angels : RHP Franz Holzknecht
|
Batting: LHB Brian Gray
|
0-0: Ball 1-0: Called Strike 1-1: Ball 2-1: SOLO HOME RUN (Flyball, 9D, EV 95.0 MPH), Distance : 378 ft
|
Batting: RHB Manny Vergara
|
0-0: Foul Ball, location: 2F 0-1: Foul Ball, location: 2F 0-2: Ball 1-2: Ball 2-2: Ground out 6-3 (Groundball, 6, EV 102.5 MPH)
|
Batting: RHB Nick Esteves
|
0-0: Ball 1-0: Ball 2-0: Foul Ball, location: 2F 2-1: Ball 3-1: Foul Ball, location: 2F 3-2: Strikes out swinging
|
Batting: RHB Chris Lane
|
0-0: Swinging Strike 0-1: Ball 1-1: Ball 2-1: Fly out, F9 (Flyball, 9, EV 89.4 MPH)
|
Top of the 2nd over - 1 run, 1 hit, 0 errors, 0 left on base; Boston 1 - Caifornia 0 |
BOTTOM OF THE 2ND |
Caifornia Angels batting - Pitching for Boston Red Sox : RHP Fred Huber
|
Batting: LHB Javier Trujillo
|
0-0: Called Strike 0-1: Ball 1-1: Swinging Strike 1-2: Strikes out swinging, 2-3 out at first.
|
Batting: RHB Mike Harkins
|
0-0: Ball 1-0: Foul Ball, location: 2F 1-1: Ball 2-1: DOUBLE (Line Drive, 78D, EV 100.6 MPH)
|
Batting: RHB Jasper Burd
|
0-0: Ground out 4-3 (Groundball, 4, EV 83.1 MPH) Mike Harkins to third
|
Batting: LHB Steve Roepke
|
0-0: Called Strike 0-1: Ball 1-1: Ball 2-1: Foul Ball, location: 2F 2-2: Ball 3-2: Foul Ball, location: 2F 3-2: Foul Ball, location: 2F 3-2: Ground out U3 (Groundball, 3, EV 76.9 MPH)
|
Bottom of the 2nd over - 0 runs, 1 hit, 0 errors, 1 left on base; Boston 1 - Caifornia 0 |
TOP OF THE 3RD |
Boston Red Sox batting - Pitching for Caifornia Angels : RHP Franz Holzknecht
|
Batting: RHB Marty King
|
0-0: Ball 1-0: Ball 2-0: Fly out, F4 (Flyball, 34D, EV 88.8 MPH)
|
Batting: SHB Brace Harper
|
0-0: Foul Ball, location: 2F 0-1: Fly out, F9 (Flyball, 9LD, EV 92.5 MPH)
|
Batting: LHB Xavier Pittman
|
0-0: Swinging Strike 0-1: Called Strike 0-2: Ball 1-2: Foul Ball, location: 2F 1-2: Ball 2-2: Foul Ball, location: 2F 2-2: Ball 3-2: Strikes out looking
|
Top of the 3rd over - 0 runs, 0 hits, 0 errors, 0 left on base; Boston 1 - Caifornia 0 |
BOTTOM OF THE 3RD |
Caifornia Angels batting - Pitching for Boston Red Sox : RHP Fred Huber
|
Batting: RHB Jose Pineda
|
0-0: Ball 1-0: Ball 2-0: Foul Ball, location: 2F 2-1: Called Strike 2-2: Foul Ball, location: 2F 2-2: Foul Ball, location: 2F 2-2: Ball 3-2: Base on Balls
|
Batting: SHB Aldo Questi
|
0-0: Ball 1-0: Ball 2-0: Called Strike 2-1: Ball Jose Pineda steals 2nd base 3-1: Foul Ball, location: 2F 3-2: Foul Ball, location: 2F 3-2: Fly out, F8 (Flyball, 8RD, EV 107.5 MPH) Runner from 2nd tags up, OUT at 3rd! 8-5
|
Batting: RHB Dietmar Warmisch
|
0-0: Ball 1-0: Foul Ball, location: 2F 1-1: Foul Ball, location: 2F 1-2: Foul Ball, location: 2F 1-2: Ball 2-2: Fly out, F3 (Flyball, 34D, EV 90.0 MPH)
|
Bottom of the 3rd over - 0 runs, 0 hits, 0 errors, 0 left on base; Boston 1 - Caifornia 0 |
TOP OF THE 4TH |
Boston Red Sox batting - Pitching for Caifornia Angels : RHP Franz Holzknecht
|
Batting: LHB Kevin McCormic Jr.
|
0-0: Foul Ball, location: 2F 0-1: Fly out, F8 (Flyball, 8RD, EV 101.9 MPH)
|
Batting: SHB Rich Chavez
|
0-0: Ball 1-0: Foul Ball, location: 2F 1-1: SINGLE (Groundball, 4MD, EV 104.4 MPH)
|
Batting: LHB Brian Gray
|
0-0: Fly out, F9 (Line Drive, 9, EV 94.4 MPH)
|
Batting: RHB Manny Vergara
|
0-0: Ball 1-0: Called Strike 1-1: Swinging Strike 1-2: Ball 2-2: Fly out, F9 (Flyball, BS7, EV 105.0 MPH)
|
Top of the 4th over - 0 runs, 1 hit, 0 errors, 1 left on base; Boston 1 - Caifornia 0 |
BOTTOM OF THE 4TH |
Caifornia Angels batting - Pitching for Boston Red Sox : RHP Fred Huber
|
Batting: LHB Micah Miller
|
0-0: Foul Ball, location: 2F 0-1: DOUBLE (Line Drive, 78M, EV 103.8 MPH)
|
Batting: RHB Alain Delhaye
|
0-0: Ball 1-0: Ball 2-0: Ground out 1-3 (Groundball, 13S, EV 66.2 MPH) Micah Miller to third
|
Batting: LHB Javier Trujillo
|
0-0: Called Strike 0-1: Called Strike 0-2: Ball 1-2: Ball 2-2: SINGLE (Groundball, 34D, EV 96.9 MPH) Micah Miller scores
|
Batting: RHB Mike Harkins
|
0-0: Ball 1-0: Ball 2-0: Ball 3-0: Swinging Strike 3-1: Base on Balls Javier Trujillo to second
|
Batting: RHB Jasper Burd
|
0-0: Called Strike 0-1: Ball 1-1: Foul Ball, location: 2F 1-2: Foul Ball, location: 2F 1-2: Foul Ball, location: 2F 1-2: SINGLE (Flyball, 89S, EV 85.6 MPH) Javier Trujillo to third Mike Harkins to second
|
Batting: LHB Steve Roepke
|
0-0: Foul Ball, location: 2F 0-1: Ball 1-1: Ball 2-1: Swinging Strike 2-2: Strikes out swinging
|
Batting: RHB Jose Pineda
|
0-0: Ball 1-0: Called Strike 1-1: Ball 2-1: SINGLE (Groundball, 6MD, EV 100.0 MPH) Javier Trujillo scores Mike Harkins to third Jasper Burd to second Runner from 3rd tries for Home, throw by CF and OUT! 8-2
|
Bottom of the 4th over - 2 runs, 4 hits, 0 errors, 2 left on base; Boston 1 - Caifornia 2 |
TOP OF THE 5TH |
Boston Red Sox batting - Pitching for Caifornia Angels : RHP Franz Holzknecht
|
Pitching: RHP Barney Pederson
|
|
Pinch Hitting: SHB Mark Rennie
|
0-0: Ground out 6-3 (Groundball, 4MS, EV 70.0 MPH)
|
Pinch Hitting: SHB Robbie Rogers
|
0-0: Ball 1-0: Ball 2-0: Ground out 5-3 (Groundball, 56, EV 98.8 MPH)
|
Batting: RHB Marty King
|
0-0: TRIPLE (Line Drive, 8RXD, EV 108.1 MPH)
|
Batting: SHB Brace Harper
|
0-0: Called Strike 0-1: Called Strike 0-2: Foul Ball, location: 2F 0-2: Ground out 5-3 (Groundball, 6S, EV 61.2 MPH)
|
Top of the 5th over - 0 runs, 1 hit, 0 errors, 1 left on base; Boston 1 - Caifornia 2 |
BOTTOM OF THE 5TH |
Caifornia Angels batting - Pitching for Boston Red Sox : RHP Fred Huber
|
Pitching: RHP John McLeod
|
|
Now at 1B: Robbie Rogers
|
|
Now in LF: Brian Gray
|
|
Now in CF: Mark Rennie
|
|
Batting: SHB Aldo Questi
|
0-0: Called Strike 0-1: SINGLE (Groundball, 6D, EV 106.2 MPH)
|
Batting: RHB Dietmar Warmisch
|
0-0: Called Strike 0-1: Foul Ball, location: 2F 0-2: Ball 1-2: Grounds into double play, 6-4-3 (Groundball, 6, EV 84.4 MPH)
|
Batting: LHB Micah Miller
|
0-0: Ball 1-0: Ball 2-0: Called Strike 2-1: Foul Ball, location: 2F 2-2: Foul Ball, location: 2F 2-2: Foul Ball, location: 2F 2-2: Ball 3-2: Base on Balls
|
Batting: RHB Alain Delhaye
|
0-0: Ball 1-0: Ball 2-0: Ball 3-0: Base on Balls Micah Miller to second
|
Batting: LHB Javier Trujillo
|
0-0: Called Strike 0-1: Foul Ball, location: 2F 0-2: SINGLE (Flyball, 6D, EV 92.5 MPH) Micah Miller to third Alain Delhaye to second Runner from 3rd tries for Home, SAFE, throw by LF to home Alain Delhaye to third Javier Trujillo to second
|
Batting: RHB Mike Harkins
|
0-0: Fly out, F8 (Flyball, 78S, EV 89.4 MPH)
|
Bottom of the 5th over - 1 run, 2 hits, 0 errors, 2 left on base; Boston 1 - Caifornia 3 |
TOP OF THE 6TH |
Boston Red Sox batting - Pitching for Caifornia Angels : RHP Barney Pederson
|
Batting: LHB Xavier Pittman
|
0-0: Ball 1-0: Ball 2-0: Called Strike 2-1: Foul Ball, location: 2F 2-2: Ground out 4-3 (Groundball, 34D, EV 103.8 MPH)
|
Batting: LHB Kevin McCormic Jr.
|
0-0: Ball 1-0: Ball 2-0: Called Strike 2-1: Foul Ball, location: 2F 2-2: SINGLE (Groundball, 4MD, EV 105.6 MPH)
|
Batting: SHB Rich Chavez
|
0-0: Swinging Strike 0-1: Ball 1-1: Foul Ball, location: 2F 1-2: Ball 2-2: Fly out, F8 (Line Drive, 8RM, EV 96.2 MPH)
|
Batting: LHB Brian Gray
|
0-0: Called Strike 0-1: Ball 1-1: Foul Ball, location: 2F 1-2: Fielders Choice at 2nd, 6-4 (Groundball, 6, EV 87.5 MPH)
|
Top of the 6th over - 0 runs, 1 hit, 0 errors, 1 left on base; Boston 1 - Caifornia 3 |
BOTTOM OF THE 6TH |
Caifornia Angels batting - Pitching for Boston Red Sox : RHP John McLeod
|
Batting: RHB Jasper Burd
|
0-0: Called Strike 0-1: Ball 1-1: Fly out, F9 (Flyball, 89S, EV 93.8 MPH)
|
Batting: LHB Steve Roepke
|
0-0: Ball 1-0: Ground out 5-3 (Groundball, 56, EV 95.0 MPH)
|
Batting: RHB Jose Pineda
|
0-0: Called Strike 0-1: Called Strike 0-2: Ball 1-2: Fly out, F4 (Line Drive, 4, EV 65.6 MPH)
|
Bottom of the 6th over - 0 runs, 0 hits, 0 errors, 0 left on base; Boston 1 - Caifornia 3 |
TOP OF THE 7TH |
Boston Red Sox batting - Pitching for Caifornia Angels : RHP Barney Pederson
|
Pitching: LHP Pete Zamarron
|
|
Batting: RHB Manny Vergara
|
0-0: Ball 1-0: Swinging Strike 1-1: Called Strike 1-2: Ball 2-2: Strikes out looking
|
Batting: SHB Mark Rennie
|
0-0: Ball 1-0: Called Strike 1-1: Ball 2-1: Ball 3-1: DOUBLE (Line Drive, 78M, EV 100.0 MPH)
|
Batting: SHB Robbie Rogers
|
0-0: Called Strike 0-1: Ball 1-1: SINGLE (Groundball, 4D, EV 107.5 MPH) Mark Rennie to third Runner from 3rd tries for Home, SAFE, throw by CF to home Robbie Rogers to second
|
Batting: RHB Marty King
|
0-0: Called Strike 0-1: Foul Ball, location: 2F 0-2: Foul Ball, location: 2F 0-2: Ball 1-2: Ground out 6-3 (Groundball, 6, EV 98.8 MPH)
|
Batting: SHB Brace Harper
|
0-0: Ball 1-0: DOUBLE (Flyball, 8LD, EV 94.4 MPH) Robbie Rogers scores
|
Pinch Hitting: RHB Garry Hash
|
0-0: Foul Ball, location: 2F 0-1: Ball 1-1: Ball 2-1: Ball 3-1: Base on Balls
|
Batting: LHB Kevin McCormic Jr.
|
0-0: Fielders Choice at 2nd, 6-4 (Groundball, 6, EV 88.8 MPH)
|
Top of the 7th over - 2 runs, 3 hits, 0 errors, 2 left on base; Boston 3 - Caifornia 3 |
BOTTOM OF THE 7TH |
Caifornia Angels batting - Pitching for Boston Red Sox : RHP John McLeod
|
Pitching: RHP Danny Klomp
|
|
Now at 2B: Rich Chavez
|
|
Now at 3B: Garry Hash
|
|
Batting: RHB Preston Deakyne
|
0-0: Ball 1-0: Called Strike 1-1: Swinging Strike 1-2: DOUBLE (Line Drive, 89XD, EV 99.4 MPH)
|
Pinch Hitting: RHB Nick Dunn
|
0-0: Bunted foul 0-1: Bunt missed! 0-2: Hit by Pitch
|
Pinch Hitting: RHB Curt Earnest
|
0-0: Ball 1-0: Foul Ball, location: 2F 1-1: Called Strike 1-2: Ball 2-2: Strikes out swinging
|
Batting: RHB Alain Delhaye
|
0-0: Called Strike 0-1: Foul Ball, location: 2F 0-2: Foul Ball, location: 2F 0-2: Ball 1-2: Foul Ball, location: 2F 1-2: Ball 2-2: 3-RUN HOME RUN (Flyball, 9D, EV 97.5 MPH), Distance : 377 ft
|
Pitching: RHP T.J. Balko
|
|
Batting: LHB Javier Trujillo
|
0-0: Ball 1-0: Fly out, F7 (Flyball, 7LS, EV 86.9 MPH)
|
Batting: RHB Mike Harkins
|
0-0: Ball 1-0: Ground out 6-3 (Groundball, 56, EV 84.4 MPH)
|
Bottom of the 7th over - 3 runs, 2 hits, 0 errors, 0 left on base; Boston 3 - Caifornia 6 |
TOP OF THE 8TH |
Boston Red Sox batting - Pitching for Caifornia Angels : LHP Pete Zamarron
|
Pitching: RHP Mike Tallerico
|
|
Now at 3B: Nick Dunn
|
|
Now in RF: Vinny Carreno
|
|
Batting: SHB Rich Chavez
|
0-0: Ball 1-0: Swinging Strike 1-1: Fly out, F6 (Flyball, 56D, EV 74.4 MPH)
|
Pinch Hitting: RHB Scott Treider
|
0-0: Ground out 4-3 (Groundball, 4, EV 88.1 MPH)
|
Pinch Hitting: RHB Won-jun Park
|
0-0: Swinging Strike 0-1: Swinging Strike 0-2: Strikes out looking
|
Top of the 8th over - 0 runs, 0 hits, 0 errors, 0 left on base; Boston 3 - Caifornia 6 |
BOTTOM OF THE 8TH |
Caifornia Angels batting - Pitching for Boston Red Sox : RHP T.J. Balko
|
Now at C: Won-jun Park
|
|
Now in LF: Mark Rennie
|
|
Now in CF: Scott Treider
|
|
Batting: RHB Jasper Burd
|
0-0: Called Strike 0-1: SINGLE (Line Drive, 3D, EV 99.4 MPH)
|
Batting: LHB Steve Roepke
|
0-0: Grounds into double play, 2-4-3 (Groundball, 15S, EV 75.0 MPH)
|
Batting: RHB Jose Pineda
|
0-0: Called Strike 0-1: Foul Ball, location: 2F 0-2: Ball 1-2: Strikes out swinging
|
Bottom of the 8th over - 0 runs, 1 hit, 0 errors, 0 left on base; Boston 3 - Caifornia 6 |
TOP OF THE 9TH |
Boston Red Sox batting - Pitching for Caifornia Angels : RHP Mike Tallerico
|
Pitching: RHP Ryan Terlizzi
|
|
Batting: SHB Mark Rennie
|
0-0: Ball 1-0: Ball 2-0: Called Strike 2-1: Ball 3-1: Base on Balls
|
Batting: SHB Robbie Rogers
|
0-0: Ball 1-0: Ball 2-0: Called Strike 2-1: Fielders Choice at 2nd, 6-4 (Groundball, 6MS, EV 82.5 MPH)
|
Batting: LHB Ernesto Cedillos
|
0-0: Fielders Choice at 2nd, 3-6 (Groundball, 3, EV 78.8 MPH)
|
Batting: SHB Brace Harper
|
0-0: 2-RUN HOME RUN (Flyball, 89XD, EV 102.5 MPH), Distance : 428 ft
|
Batting: RHB Garry Hash
|
0-0: Ball 1-0: Called Strike 1-1: Foul Ball, location: 2F 1-2: Foul Ball, location: 2F 1-2: Strikes out swinging
|
Top of the 9th over - 2 runs, 1 hit, 0 errors, 0 left on base; Boston 5 - Caifornia 6 |
|